 Dungeon Crawl Stone Soup version 0.30.1-4-g462c640d31 (webtiles) character file.

Game seed: 14929006135116360519

49 ANON1729 the Trooper (level 3, 0/34 HPs)
             Began as a Minotaur Monk on Aug 13, 2023.
             Slain by a gnoll
             ... wielding a +0 spear
              (10 damage)
             ... on level 2 of the Dungeon.
             The game lasted 00:00:19 (827 turns).

ANON1729 the Trooper (Minotaur Monk)                 Turns: 827, Time: 00:00:19

Health: 0/34       AC:  3    Str: 15    XL:     3   Next: 51%
Magic:  2/2        EV: 13    Int:  7    God:
Gold:   78         SH:  0    Dex: 14    Spells: 2/2 levels left

rFire   . . .        a - +0 short sword
rCold   . . .        d - orb {light}
rNeg    . . .        b - +0 robe
rPois   .            (helmet restricted)
rElec   .            (no cloak)
rCorr   .            (no gloves)
SInv    .            p - +0 pair of boots
Will    .....        (no amulet)
Stlth   +            (no ring)
HPRegen 0.25/turn    (no ring)
MPRegen 0.08/turn

%: no passive effects
@: glowing
A: horns 2, retaliatory headbutt
a: no special abilities


You were on level 2 of the Dungeon.
You visited 1 branch of the dungeon, and saw 2 of its levels.

You collected 78 gold pieces.

Inventory:

Hand Weapons
 a - a +0 short sword (weapon)
Missiles
 o - 3 curare-tipped darts (quivered)
Armour
 b - a +0 robe (worn)
 d - an orb of light (worn)
 p - a +0 pair of boots (worn)
Scrolls
 e - a scroll of identify {unknown}
 f - 2 scrolls of fear {unknown}
 h - a scroll of fog {unknown}
 i - a scroll of poison {unknown}
 k - a scroll of noise {unknown}
 l - a scroll of enchant armour {unknown}
Potions
 c - a potion of ambrosia
 g - a potion of mutation {unknown}
 j - a potion of heal wounds {unknown}
 m - a potion of haste {unknown}
 n - a potion of attraction {unknown}


   Skills:
 + Level 4.3 Fighting
 + Level 4.0 Short Blades
 + Level 3.9 Dodging


You had 2 spell levels left.
You didn't know any spells.
Your spell library was empty.

Dungeon Overview and Level Annotations

Branches:
Dungeon (2/15)

Altars:


Innate Abilities, Weirdness & Mutations

You have a pair of horns on your head.
You reflexively headbutt those who attack you in melee.


Message History

You kill the quokka!
The quokka barely misses you.
You hit the quokka but do no damage. You headbutt the quokka.
The quokka is severely wounded.
The rat closely misses you.
A kobold comes into view. It is wielding a +0 dagger.
The quokka barely misses you. You furiously retaliate!
You headbutt the quokka.
The kobold shouts!
You hit the quokka but do no damage. Your headbutt misses the quokka.
The quokka is almost dead.
The rat barely misses you. The quokka bites you.
You barely miss the quokka.
The quokka is almost dead.
The rat misses you. The quokka barely misses you. You furiously retaliate!
You headbutt the quokka, but do no damage.
You hit the quokka.
You kill the quokka!
The gnoll misses you. The rat bites you.
A gnoll comes into view. It is wielding a +0 mace.
You hit the gnoll but do no damage. You headbutt the gnoll.
The gnoll is moderately wounded.
You hit the gnoll.
You headbutt the gnoll, but do no damage.
The gnoll is moderately wounded.
The gnoll hits you with a +0 whip.
The gnoll hits you from afar with a +0 spear.
The rat bites you but does no damage. The gnoll closely misses you.
You hit the gnoll. You headbutt the gnoll.
You kill the gnoll!
The gnoll barely misses you. The rat misses you. The gnoll misses you.
Your Short Blades skill increases to level 4!
You hit the rat.
You kill the rat!
The gnoll barely misses you. The gnoll closely misses you.
You barely miss the kobold.
The gnoll hits you from afar with a +0 spear!
The kobold hits you with a +0 dagger.
* * * LOW HITPOINT WARNING * * *
The gnoll hits you from afar with a +0 spear!
You die...

.. .# .## .# ..
.# #.##.#
....#####
###..#....##
#....g......
#.†@Kg......
#..††......##
..........g.....
...#.......##...
.. #......## #.
. #......#
#.......
........#


You could see 3 gnolls and a kobold.

Vanquished Creatures
  A gnoll (D:2)
  A dart slug (D:1)
  3 bats (D:1)
  5 endoplasms (D:1)
  2 giant cockroaches (D:1)
  2 hobgoblins (D:1)
  2 jackals (D:1)
  3 quokkas
  A ball python (D:1)
  A frilled lizard (D:1)
  5 goblins (D:1)
  A kobold (D:1)
  7 rats
34 creatures vanquished.

Notes
Turn   | Place    | Note
-------+----------+-------------------------------------------
     0 | D:1      | ANON1729 the Minotaur Monk began the quest for the Orb.
     0 | D:1      | Reached XP level 1. HP: 19/19 MP: 0/0
   165 | D:1      | Reached XP level 2. HP: 24/27 MP: 1/1
   397 | D:1      | Reached XP level 3. HP: 29/33 MP: 2/2
   827 | D:2      | Slain by a gnoll

Illustrated notes

Levels and vault maps discovered:
D:1:      minmay_arrival_stair_chambers, layout_basic, serial_bayou_crossing
D:2:      layout_rooms, uniq_jessica

Skill      XL: |  1  2  3 |
---------------+----------+-----
Fighting       | 4 |  4.3
Short Blades   | 4 |  4.0
Dodging        | |  3.9

Action                     || total
---------------------------++-------
  Melee: Short sword       ||    73
         Headbutt          ||    17
 Armour: Robe              ||    15
  Dodge: Dodged            ||    45
